 Dungeon Crawl Stone Soup version 0.19-a0-975-gfff5315 (webtiles) character file.

43939 matakusis the Nimble (level 13, -8/96 HPs)
             Began as a Demonspawn Gladiator on July 13, 2016.
             Was a High Priest of Hepliaklqana.
             Mangled by Donald
             ... wielding a +0 broad axe
              (32 damage)
             ... on level 2 of the Orcish Mines.
             The game lasted 01:07:17 (15766 turns).

matakusis the Nimble (Demonspawn Gladiator)        Turns: 15766, Time: 01:07:22

Health: -8/96      AC:  9    Str: 14    XL:     13   Next: 93%
Magic:  13/13      EV: 23    Int: 11    God:    Hepliaklqana [*****.]
Gold:   1602       SH: 10    Dex: 20    Spells: 0 memorised, 12 levels left

rFire  . . .     SeeInvis +     K - +2 scimitar (flame)
rCold  . . .     Gourm    .     I - +0 troll leather armour {Snorg}
rNeg   . . .     Faith    .     s - +1 buckler
rPois  .         Spirit   .     (helmet restricted)
rElec  .         Dismiss  .     v - +0 cloak
rCorr  .         Reflect  +     a - +1 pair of gloves
SustAt .         Harm     .     (no boots)
MR     ++...     Clarity  +     b - +2 amulet of reflection
Stlth  ++........               P - +3 ring of protection
                                m - +3 ring of dexterity

@: very resistant to hostile enchantments, unstealthy
A: antennae 1, hooves 2, see invisible, clarity, deformed body, frail 1, magic
resistance 2, powered by death 3, powered by pain 3, weak 1, sturdy frame 1
a: Recall Ancestor, Ancestor Identity, Transference, Idealise, Renounce Religion


You were on level 2 of the Orcish Mines.
You worshipped Hepliaklqana.
Hepliaklqana was extremely pleased with you.
You were not hungry.

You visited 3 branches of the dungeon, and saw 18 of its levels.

You collected 1602 gold pieces.

Inventory:

Hand Weapons
 K - a +2 scimitar of flaming (weapon)
Armour
 a - a +1 pair of gloves (worn)
 s - a +1 buckler (worn)
 v - a +0 cloak (worn)
 I - a +0 troll leather armour (worn) {Snorg}
 R - a mottled dragon hide
Jewellery
 b - a +2 amulet of reflection (around neck)
 m - a +3 ring of dexterity (left hand)
 D - a +2 ring of dexterity
 F - an uncursed ring of resist corrosion
 P - a +3 ring of protection (right hand)
Wands
 e - a wand of iceblast (4/15)
 g - a wand of enslavement (12/24)
 C - a wand of lightning (5/15)
 S - a wand of disintegration (13/24)
 U - a wand of acid (3/15)
Scrolls
 d - a scroll of magic mapping
 h - 3 scrolls of identify
 i - 10 scrolls of remove curse
 q - 5 scrolls of enchant weapon
 t - a scroll of fear
 y - 2 scrolls of recharging
 G - 2 scrolls of teleportation
 M - a scroll of blinking
 V - a scroll of amnesia
Potions
 c - 2 potions of lignification
 j - 2 potions of flight
 n - a potion of ambrosia
 o - 2 potions of haste
 r - 7 potions of curing
 u - a potion of agility
 w - a potion of might
 x - a potion of magic
Books
 H - a book of Burglary

   Spells                             Type                      Level
   a - Swiftness                      Charms/Air                   2
   b - Passwall                       Transmutation/Earth          2
   c - Passage of Golubria            Translocation                4
   d - Lee's Rapid Deconstruction     Earth                        5
   e - Darkness                       Hexes                        6
   f - Invisibility                   Hexes                        6
 J - a book of Enchantments

   Spells                             Type                      Level
   a - Cause Fear                     Hexes                        4
   b - Yara's Violent Unravelling     Hexes/Transmutation          5
   c - Silence                        Hexes/Air                    5
   d - Deflect Missiles               Charms/Air                   6
   e - Haste                          Charms                       6
   f - Discord                        Hexes                        8
Miscellaneous
 N - a phantom mirror
 Q - a fan of gales
Comestibles
 f - 8 bread rations
 k - 5 fruits
 l - a slice of pizza
 p - 4 meat rations
 z - a beef jerky
 A - 6 chunks of flesh


   Skills:
 * Level 11.9 Fighting
 + Level 9.7 Long Blades
 - Level 1.7 Throwing
 + Level 4.5 Armour
 * Level 13.5 Dodging
 - Level 2.0 Stealth
 * Level 9.8 Shields


You had 12 spell levels left.
You didn't know any spells.

Dungeon Overview and Level Annotations

Branches:
Dungeon (15/15)            Temple (1/1) D:4            Lair (0/6) D:8
    Orc (2/2) D:9             Elf (0/3) Orc:2        Vaults (0/5) D:14
 Depths (0/5) D:15

Altars:
Ashenzari
Cheibriados
Dithmenos
Elyvilon
Fedhas
Gozag
Hepliaklqana
Kikubaaqudgha
Makhleb
Nemelex Xobeh
Okawaru
Pakellas
Qazlal
Ru
Sif Muna
Trog
Uskayaw
Vehumet
Xom
Yredelemnul
Zin
The Shining One
Beogh

Shops:
D:14 }

Annotations:
Orc:2 Donald


Innate Abilities, Weirdness & Mutations

You regenerate a lot of health from kills.
You are powered by pain.
Your movements are slightly less encumbered by armour. (ER -2)
You have a pair of small antennae on your head.
You have hoof-like feet.
You have supernaturally acute eyesight. (SInv)
You possess an exceptional clarity of mind.
Armour fits poorly on your strangely shaped body.
You are frail. (-10% HP)
You are highly resistant to hostile enchantments. (MR++)
You are weak. (Str -2)


Message History

Beogh smites you! You block the orc's attack.
Unknown command.
Donald kicks a rock and scowls.
Donald hits you with a broad axe!!!
Zolin hits the orc with a flail.
The orc dies!
You slice the orc wizard!! You burn the orc wizard.
You kill the orc wizard!
The orc completely misses you.
You riposte.
You hit the orc. You burn the orc.
The orc is severely wounded.
The orc wizard casts a spell.
The orc wizard seems to speed up.
Donald hits you with a broad axe!!!
* * * LOW HITPOINT WARNING * * *
You block the orc priest's attack.
You hit the orc priest. You burn the orc priest.
The orc priest is heavily wounded.
The orc closely misses you.
You riposte.
You barely miss the orc. You kick the orc, but do no damage.
The orc is severely wounded.
Donald hits you with a broad axe!!
You die...

...... #.....
......###.....#
.............#
....#.......###
..............## #.
...............# ##..
.......oo.o....# ##...
.......@o.....# ...#
.......R@.....# ..##
.##..........## ...##
##.##+#.....## ....# #.#
#......# .#.## #.#
#......# ....## ####.#
{#.....##
.....#####..#.# #....##
........###...####....##


You could see the friendly Zolin the knight, Donald, an orc priest, 2 orc
wizards and an orc.

Vanquished Creatures
  An orc warlord (Orc:1)
  A yaktaur captain (D:15)
  Josephine (Orc:1)
  Harold (D:10)
  2 hydras (D:15)
  A centaur warrior (D:15)
  6 unseen horrors
  A hill giant (D:15)
  2 orc knights
  The ghost of Amnesiac the Zephyrmancer, a novice TeAE of Sif Muna (D:7)
  A deep elf archer (D:14)
  3 ugly things (D:15)
  4 cyclopes
  5 deep elf magi (D:14)
  An orc sorcerer (Orc:1)
  Joseph (D:7)
  2 centaur skeletons
  A gargoyle (D:14)
  A kobold demonologist (D:14)
  A spiny frog (shapeshifter) (D:15)
  5 yaktaurs
  4 trolls
  2 two-headed ogres
  2 slime creatures (D:15)
  A shadow (D:14)
  3 water elementals (D:14)
  Sigmund (D:2)
  5 wraiths
  A wyvern (D:9)
  12 yaks
  2 hippogriffs
  Eustachio (D:5)
  A steam dragon (D:11)
  3 vampire mosquitoes (D:15)
  2 mottled dragons (D:13)
  3 wargs
  5 ice beasts
  22 orc warriors
  A phantom (D:9)
  3 sky beasts
  A wasp (D:14)
  A black bear (D:10)
  12 ogres
  5 centaurs
  8 big kobolds
  7 giant frogs
  A wyvern zombie (D:14)
  A wyvern skeleton (D:12)
  2 scorpions
  9 killer bees
  2 wights (D:11)
  2 howler monkeys
  2 electric eels (D:14)
  2 crimson imps
  3 jellies
  A wasp zombie (D:13)
  2 centaur zombies
  A lava snake (D:14)
  17 orc wizards
  A quasit (D:14)
  Crazy Yiuf (D:2)
  A giant frog skeleton (D:8)
  2 giant frog zombies
  14 orc priests
  3 hounds
  Ijyb (D:2)
  3 iguanas
  10 worker ants
  A sheep (D:11)
  A hound skeleton (D:4)
  A worker ant zombie (D:11)
  5 gnolls
  8 adders
  3 shadow imps
  An ooze (D:3)
  An adder zombie (D:8)
  An adder skeleton (D:8)
  2 worms (D:2)
  2 dart slugs
  3 giant geckos
  57 orcs
  6 bats
  2 giant cockroaches
  2 gnoll zombies (D:3)
  11 goblins
  5 hobgoblins
  12 jackals
  4 quokkas
  2 ball pythons
  7 giant newts
  A jackal skeleton (D:8)
  20 kobolds
  A quokka skeleton (D:4)
  4 rats
394 creatures vanquished.

Vanquished Creatures (collateral kills)
  Snorg (D:10)
  Erica (D:9)
  An unseen horror (D:11)
  A wizard (D:15)
  An orc knight (D:14)
  An ugly thing (D:11)
  A griffon (D:13)
  A deep elf mage (D:12)
  A hornet (shapeshifter) (D:12)
  2 cyclopes
  A centaur skeleton (D:14)
  3 trolls
  2 slime creatures (D:15)
  A two-headed ogre (D:15)
  3 yaks
  A water elemental (D:14)
  3 wraiths
  A hippogriff (D:9)
  A warg (Orc:1)
  An ice beast (D:5)
  6 orc warriors
  2 sky beasts
  A wasp (D:12)
  2 black bears
  An eye of draining (D:10)
  4 ogres
  A centaur (D:13)
  3 giant frogs
  A water moccasin skeleton (D:7)
  6 wights
  A howler monkey (D:6)
  A giant frog zombie (D:6)
  2 crimson imps
  3 hounds (D:8)
  An orc priest (D:14)
  6 orc wizards
  4 worker ants
  A sheep (D:11)
  A hound skeleton (D:10)
  2 adders
  A shadow imp (D:10)
  21 orcs
  9 kobolds
  A jackal zombie (D:8)
  A fire vortex (D:14)
110 creatures vanquished.

Vanquished Creatures (others)
  5 knights
  A jelly (D:6)
  An ancestor (D:5)
  2 orcs
9 creatures vanquished.

Grand Total: 513 creatures vanquished

Notes
Turn   | Place    | Note
-------+----------+-------------------------------------------
     0 | D:1      | matakusis the Demonspawn Gladiator began the quest for the Orb.
     0 | D:1      | Reached XP level 1. HP: 16/16 MP: 1/1
   169 | D:1      | Reached skill level 3 in Dodging
   212 | D:1      | Gained mutation: You sometimes gain a little power by taking damage. [demonic ancestry]
   212 | D:1      | Reached XP level 2. HP: 20/22 MP: 2/2
   409 | D:1      | Reached XP level 3. HP: 27/27 MP: 3/3
   930 | D:2      | Noticed Ijyb
   947 | D:2      | Killed Ijyb
   947 | D:2      | Reached skill level 1 in Stealth
   947 | D:2      | Reached XP level 4. HP: 18/34 MP: 4/4
  1155 | D:2      | Noticed Sigmund
  1168 | D:2      | Killed Sigmund
  1168 | D:2      | Reached skill level 1 in Armour
  1168 | D:2      | Reached skill level 4 in Dodging
  1168 | D:2      | Reached skill level 1 in Shields
  1168 | D:2      | Reached XP level 5. HP: 17/40 MP: 5/5
  1634 | D:2      | Found a runed door.
  1638 | D:2      | Noticed Crazy Yiuf
  1645 | D:2      | Killed Crazy Yiuf
  1645 | D:2      | Gained mutation: You regenerate a little health from kills. [demonic ancestry]
  1645 | D:2      | Reached XP level 6. HP: 47/47 MP: 6/6
  2075 | D:3      | You fall through a shaft!
  2274 | D:4      | Found a white marble altar of Elyvilon.
  2423 | D:4      | Reached skill level 5 in Dodging
  2423 | D:4      | Gained mutation: You sometimes gain power by taking damage. [demonic ancestry]
  2423 | D:4      | Reached XP level 7. HP: 52/52 MP: 7/7
  2492 | D:3      | Found a glowing silver altar of Zin.
  2493 | D:3      | Noticed an angel
  2494 | D:3      | Found a shimmering altar of Xom.
  2635 | D:3      | Found a basalt altar of Yredelemnul.
  3128 | D:4      | Found a staircase to the Ecumenical Temple.
  3135 | Temple   | Entered the Ecumenical Temple
  3187 | Temple   | Became a worshipper of Hepliaklqana
  3772 | D:5      | Entered Level 5 of the Dungeon
  4075 | D:5      | Found a stormy altar of Qazlal.
  4081 | D:5      | Gained mutation: You regenerate health from kills. [demonic ancestry]
  4081 | D:5      | Reached XP level 8. HP: 50/60 MP: 8/8
  4114 | D:5      | Reached skill level 6 in Dodging
  4152 | D:5      | Gained mutation: You are resistant to hostile enchantments. (MR+) [mutagenic meat]
  4155 | D:5      | Gained mutation: You are highly resistant to hostile enchantments. (MR++) [mutagenic meat]
  4158 | D:5      | Gained mutation: Your natural rate of healing is unusually fast. [mutagenic meat]
  4164 | D:5      | Gained mutation: You have large cloven feet. [mutagenic meat]
  4167 | D:5      | Gained mutation: Armour fits poorly on your strangely shaped body. [mutagenic meat]
  4352 | D:5      | Noticed Eustachio
  4365 | D:5      | Killed Eustachio
  4587 | D:5      | Reached * piety under Hepliaklqana
  4603 | D:5      | Reached skill level 5 in Long Blades
  4887 | D:6      | Reached skill level 7 in Dodging
  5472 | D:6      | Reached skill level 5 in Fighting
  5472 | D:6      | Reached XP level 9. HP: 68/68 MP: 9/9
  5677 | D:6      | Found an oddly glowing altar of Pakellas.
  5677 | D:6      | Noticed an orange crystal statue
  5839 | D:7      | Noticed Joseph
  5857 | D:7      | Killed Joseph
  5913 | D:7      | Reached ** piety under Hepliaklqana
  5914 | D:7      | Remembered your ancestor Zolin as a knight
  6241 | D:7      | Reached skill level 8 in Dodging
  6244 | D:7      | Noticed Amnesiac's ghost (novice TeAE)
  6260 | D:7      | Killed Amnesiac's ghost
  7093 | D:8      | Found a deep blue altar of Sif Muna.
  7109 | D:8      | Found an ancient bone altar of Kikubaaqudgha.
  7122 | D:8      | Found a radiant altar of Vehumet.
  7179 | D:8      | Found a staircase to the Lair.
  7221 | D:8      | Found a shadowy altar of Dithmenos.
  7289 | D:8      | Gained mutation: You regenerate a lot of health from kills. [demonic ancestry]
  7289 | D:8      | Reached XP level 10. HP: 59/77 MP: 10/10
  7550 | D:9      | Reached skill level 9 in Dodging
  7559 | D:9      | Reached skill level 5 in Shields
  7580 | D:9      | Gained mutation: Your spells are a little harder to cast, but a little more powerful. [potion of mutation]
  7580 | D:9      | Gained mutation: You have a pair of small antennae on your head. [potion of mutation]
  7580 | D:9      | Lost mutation: Your natural rate of healing is unusually fast. [potion of mutation]
  7581 | D:9      | Gained mutation: You are extremely resistant to the effects of hostile enchantments. (MR+++) [potion of mutation]
  7581 | D:9      | Lost mutation: You are extremely resistant to the effects of hostile enchantments. (MR+++) [potion of mutation]
  7621 | D:9      | Found an opulent altar of Gozag.
  7761 | D:9      | Reached *** piety under Hepliaklqana
  7765 | D:9      | Found a staircase to the Orcish Mines.
  7774 | D:9      | Noticed Erica
  7801 | D:9      | Killed Erica
  8207 | D:10     | Entered Level 10 of the Dungeon
  8251 | D:10     | Noticed Harold
  8259 | D:10     | Killed Harold
  8564 | D:10     | Reached skill level 10 in Dodging
  8667 | D:10     | Noticed Snorg
  8682 | D:10     | Killed Snorg
  8682 | D:10     | Reached XP level 11. HP: 74/86 MP: 2/11
  8819 | D:9      | Found a bloodstained altar of Trog.
  8819 | D:9      | Found a burning altar of Makhleb.
  8822 | D:9      | Found a snail-covered altar of Cheibriados.
  9309 | D:11     | Killed an unseen horror
  9426 | D:11     | Noticed a cyan ugly thing
  9435 | D:11     | Killed a cyan ugly thing
  9849 | D:12     | Reached **** piety under Hepliaklqana
 10305 | D:12     | Noticed a deep elf mage
 10314 | D:12     | Killed a deep elf mage
 10675 | D:12     | Reached skill level 11 in Dodging
 11127 | D:13     | Gained mutation: Your movements are slightly less encumbered by armour. (ER -2) [demonic ancestry]
 11127 | D:13     | Reached XP level 12. HP: 65/95 MP: 12/12
 11816 | D:14     | Reached ***** piety under Hepliaklqana
 11833 | D:14     | You fall through a shaft!
 11833 | D:15     | Entered Level 15 of the Dungeon
 12112 | D:15     | Reached skill level 10 in Fighting
 12342 | D:14     | Reached skill level 12 in Dodging
 12729 | D:14     | Gained mutation: You are powered by pain. [demonic ancestry]
 12729 | D:14     | Reached XP level 13. HP: 53/104 MP: 13/13
 13063 | D:14     | Gained mutation: You are frail. (-10% HP) [mutagenic meat]
 13090 | D:14     | Found Astremnuv's Gadget Emporium.
 13155 | D:14     | Found a gate to the Vaults.
 13392 | D:15     | Lost mutation: Your spells are a little harder to cast, but a little more powerful. [mutagenic meat]
 13398 | D:15     | Gained mutation: You are weak. (Str -2) [mutagenic meat]
 13401 | D:15     | Gained mutation: You have hoof-like feet. [mutagenic meat]
 13855 | D:15     | Reached skill level 13 in Dodging
 13885 | D:15     | Gained mutation: You possess an exceptional clarity of mind. [potion of beneficial mutation]
 13886 | D:15     | Gained mutation: You have supernaturally acute eyesight. (SInv) [potion of beneficial mutation]
 13919 | D:15     | Found a staircase to the Depths.
 14280 | Orc:1    | Entered Level 1 of the Orcish Mines
 14280 | Orc:1    | Found a roughly hewn altar of Beogh.
 14280 | Orc:1    | Noticed Josephine
 14297 | Orc:1    | Killed Josephine
 14355 | Orc:1    | Noticed an orc warlord
 14874 | Orc:1    | Killed an orc warlord
 15228 | Orc:2    | Entered Level 2 of the Orcish Mines
 15305 | Orc:2    | Found a roughly hewn altar of Beogh.
 15418 | Orc:2    | Found a staircase to the Elven Halls.
 15757 | Orc:2    | Noticed Donald
 15766 | Orc:2    | Mangled by Donald

Vault maps used:
D:1:      onia_arrival_mini_spirals, hangedman_decor_lopped
D:2:      minmay_pentomino_x4, uniq_iyjb, uniq_crazy_yiuf_cottage, uniq_sigmund
D:3:      grunt_temple_overflow_order_and_chaos_1,
          lemuel_zombie_altar_yredelemnul
D:4:      elyvilon_altar_1, first_bread
D:5:      nicolae_overflow_crystal_walls, uniq_eustachio
D:6:      minmay_tree_intersection, gammafunk_pakellas_statue_experiment
D:7:      minivault_1, uniq_joseph
D:8:      palyth_temple_overflow_mages, lemuel_crystal_altar, lair_0_dummy
D:9:      grunt_gozag_statues, nicolae_overflow_hidden_temple, orc_0_dummy,
          uniq_erica
D:10:     uniq_snorg, uniq_harold
D:14:     hangedman_vaults_entry_quadrant_bands, dk_noncrumbling_4,
          serial_shops, shop
D:15:     grunt_enter_depths_snipers
Temple:   jpeg_temple_island
Orc:1:    basic_altar, nicolae_orc_rockfall, statue_in_the_mist_lemuel,
          uniq_josephine
Orc:2:    grunt_orc_community_town_hall, grunt_orc_community_big_house_1,
          grunt_orc_community_big_house_2, grunt_orc_community_house_1,
          grunt_orc_community_house_2, grunt_orc_community_house_1,
          grunt_orc_community_house_1, grunt_orc_community_house_2,
          mines4_lemuel, uniq_donald

Skill      XL: |  1  2  3  4  5  6  7  8  9 10 11 12 13 |
---------------+----------------------------------------+-----
Dodging        | 3 4 5 7 8 10 11 12 13 | 13.5
Long Blades    | 3 4 5 6 7 8 9 |  9.7
Stealth        | 1 2 |  2.0
Armour         | 1 2 3 4 |  4.5
Shields        | 1 2 3 4 6 7 8 9 |  9.8
Fighting       | 3 4 5 6 8 9 10 11 | 11.9
Throwing       | |  1.7

Action                   |  1- 3 |  4- 6 |  7- 9 | 10-12 | 13-15 || total
-------------------------+-------+-------+-------+-------+-------++-------
Melee: Long sword        |   110 |   160 |   447 |   133 |       ||   850
       Kick              |       |       |   126 |   375 |   238 ||   739
       Scimitar          |       |       |       |   724 |   531 ||  1255
Throw: Throwing net      |     5 |     1 |       |       |       ||     6
Invok: Recall Ancestor   |       |       |     1 |     2 |     3 ||     6
       Ancestor Life: Kn |       |       |     1 |       |       ||     1
  Use: Scroll            |       |     7 |    16 |     4 |     4 ||    31
       Potion            |       |       |       |     3 |     2 ||     5
 Stab: Sleeping          |     4 |     2 |     4 |     7 |     6 ||    23
       Held in net/web   |     2 |     1 |       |       |       ||     3
       Distracted        |       |     1 |     6 |     4 |     4 ||    15
  Eat: Chunk             |       |     5 |    22 |     8 |    15 ||    50
       Meat ration       |       |       |       |     2 |       ||     2
       Beef jerky        |       |       |       |     2 |       ||     2
Armor: Leather armour    |    22 |    30 |    80 |    76 |     1 ||   209
       Troll leather arm |       |       |       |       |    38 ||    38
Dodge: Dodged            |    50 |    74 |   234 |   502 |   317 ||  1177
Block: Buckler           |     2 |    16 |   119 |   341 |   204 ||   682
       Reflection        |       |       |     2 |    16 |     8 ||    26
